 Dungeon Crawl Stone Soup version 0.28.0-53-g5a82cb258f (webtiles) character file.

Game seed: 16204232808945398007

606 Acheron the Ducker (level 7, -1/53 HPs)
             Began as a Merfolk Gladiator on July 1, 2022.
             Slain by an orc
             ... wielding a +0 mace
              (5 damage)
             ... on level 6 of the Dungeon.
             The game lasted 00:19:47 (5288 turns).

Acheron the Ducker (Merfolk Gladiator)              Turns: 5288, Time: 00:19:48

Health: -1/53      AC:  8    Str: 14    XL:     7   Next: 42%
Magic:  9/9        EV: 13    Int:  7    God:
Gold:   256        SH:  0    Dex: 18    Spells: 6/9 levels left

rFire   . . .      SeeInvis .   a - +1 war axe
rCold   . . .      Faith    .   (no shield)
rNeg    . . .      Spirit   .   l - +0 ring mail
rPois   .          Reflect  .   c - +0 helmet
rElec   .          Harm     .   (no cloak)
rCorr   .          Rampage  .   u - +1 pair of gloves
Will    .....                   (no boots)
Stlth   ++........              (no amulet)
HPRegen 0.17/turn               (no ring)
MPRegen 0.11/turn               (no ring)

@: about to teleport, flying
A: (nimble swimmer 2), mertail
a: no special abilities


You were on level 6 of the Dungeon.
You visited 1 branch of the dungeon, and saw 6 of its levels.

You collected 256 gold pieces.

Inventory:

Hand Weapons
 a - a +1 war axe (weapon)
Missiles
 d - 2 throwing nets
 f - 8 poisoned darts (quivered)
Armour
 b - a +0 leather armour
 c - a +0 helmet (worn)
 l - a +0 ring mail (worn)
 u - a +1 pair of gloves (worn)
Magical Staves
 q - a staff of death
Wands
 j - a wand of mindburst (16)
 n - a wand of acid (9)
 p - a wand of digging (2)
Scrolls
 e - a scroll of holy word
 i - a scroll of amnesia
Potions
 g - a potion of flight
 h - a potion of haste {unknown}
 k - a potion of heal wounds {unknown}
 m - a potion of brilliance {unknown}
 o - 2 potions of might
 r - a potion of lignification {unknown}
 t - 2 potions of magic {unknown}


   Skills:
 * Level 3.7 Fighting
 + Level 3.8 Axes
 * Level 3.1 Throwing
 * Level 1.8 Armour
 * Level 5.5 Dodging
 * Level 2.6 Stealth
 * Level 1.5 Spellcasting
 * Level 0.9 Ice Magic
 * Level 1.7 Evocations


You had 6 spell levels left.
You knew the following spells:

 Your Spells              Type           Power      Damage    Failure   Level
a - Ozocubu's Armour      Ice            1%         N/A       86%         3

Your spell library contained the following spells:

 Spells                   Type           Power      Damage    Failure   Level
 Ozocubu's Refrigeration  Ice            0%         4d5       100%        7


Dungeon Overview and Level Annotations

Branches:
Dungeon (6/15)
 Temple: D:4-7

Altars:
Fedhas
Gozag
Trog

Annotations:
D:2 exclusion: downstairs
D:3 2 runed translucent doors, exclusion: downstairs, glosham's ghost, weakling DjCA
D:5 exclusion: downstairs


Innate Abilities, Weirdness & Mutations

((You are very nimble when in or above water. (Stealth+, EV+, Speed+++)))
Your lower body shifts to a powerful aquatic tail in water.


Message History

You hear an angry hiss. x3
You hit the howler monkey.
You kill the howler monkey!
The orc priest mumbles some strange prayers to Beogh against you.
Pain shoots through your body!
The orc priest hits you but does no damage.
You see here a howler monkey corpse.
You barely miss the orc priest. The orc priest barely misses you.
You completely miss the orc priest.
An orc comes into view. It is wielding a +0 mace.
The orc priest hits you with a +0 club. The orc priest closely misses you.
You hit the orc priest but do no damage.
You barely miss the orc. The orc barely misses you.
The orc priest completely misses you.
You hit the orc priest.
The orc priest is lightly wounded.
You hit the orc. The orc closely misses you.
The orc priest mumbles some strange prayers to Beogh against you.
Beogh smites you!
An adder comes into view.
The orc hits you with a +0 mace.
You closely miss the orc priest.
The orc priest is lightly wounded.
You hit the orc.
The orc priest calls down the wrath of Beogh upon you.
Beogh smites you!
* * * LOW HITPOINT WARNING * * *
The orc closely misses you.
The orc priest hits you but does no damage.
It was a potion of flight.
You feel very buoyant.
You fly up into the air.
The adder bites you but does no damage. The orc hits you with a +0 mace.
* * * LOW HITPOINT WARNING * * *
The orc priest calls upon Beogh to heal the orc.
The orc's wounds heal themselves!
As you read the scroll of teleportation, it crumbles to dust.
You feel strangely unstable. The adder bites you but does no damage.
The orc hits you with a +0 mace.
You die...

#..###.....## ...
##.####...###......##
#..# #.........#..[#
#..####........#...#.
##..##...###.........
##......## .........
##.......#####.....#
##.######..##.So...#
#.## #....)@o# #.#
####....####
#.####.....###
##.........#
#########.# ...#
.....# ..._...#
#.......#


You could see an orc priest, an adder and an orc.

Vanquished Creatures
  An orc warrior (D:6)
  A phantom (D:5)
  2 scorpions
  A howler monkey (D:6)
  A hound (D:5)
  2 iguanas (D:5)
  Ijyb (D:5)
  A hound skeleton (D:5)
  4 adders
  2 howler monkey skeletons (D:4)
  A white imp (D:5)
  2 ufetubi
  An adder skeleton (D:4)
  A worm (D:4)
  3 dart slugs
  5 orcs
  7 bats
  6 endoplasms
  5 giant cockroaches
  6 goblins
  7 hobgoblins
  5 jackals
  4 quokkas
  4 ball pythons
  3 frilled lizards (D:1)
  8 kobolds
  5 rats
89 creatures vanquished.

Notes
Turn   | Place    | Note
-------+----------+-------------------------------------------
     0 | D:1      | Acheron the Merfolk Gladiator began the quest for the Orb.
     0 | D:1      | Reached XP level 1. HP: 16/16 MP: 1/1
   184 | D:1      | Reached XP level 2. HP: 20/23 MP: 2/2
   649 | D:1      | Reached XP level 3. HP: 28/28 MP: 3/3
  1344 | D:2      | Found a faded altar of an unknown god.
  1480 | D:2      | Reached skill level 1 in Stealth
  1602 | D:3      | Noticed a scorpion
  2008 | D:2      | Reached XP level 4. HP: 21/34 MP: 4/4
  2313 | D:5      | Entered Level 5 of the Dungeon
  2474 | D:3      | Found a runed translucent door.
  2477 | D:3      | Noticed glosham's ghost (weakling DjCA)
  2712 | D:3      | Found an opulent altar of Gozag.
  2935 | D:3      | Found a runed translucent door.
  3081 | D:3      | You fall into a shaft and drop 1 floor!
  3082 | D:4      | Noticed a phantom
  3108 | D:5      | Killed a phantom
  3109 | D:5      | Reached skill level 5 in Dodging
  3109 | D:5      | Reached XP level 5. HP: 19/41 MP: 4/6
  3146 | D:5      | Reached skill level 1 in Evocations
  3151 | D:5      | Reached skill level 1 in Spellcasting
  3151 | D:5      | Reached XP level 6. HP: 12/47 MP: 7/7
  3639 | D:4      | Reached skill level 1 in Armour
  4016 | D:5      | Noticed Ijyb
  4035 | D:5      | Killed Ijyb
  4313 | D:6      | Noticed a sky beast
  4353 | D:5      | Learned a level 3 spell: Ozocubu's Armour
  4557 | D:4      | Found a blossoming altar of Fedhas.
  4749 | D:4      | Reached XP level 7. HP: 25/52 MP: 7/9
  5260 | D:6      | Found a bloodstained altar of Trog.
  5288 | D:6      | Slain by an orc

Illustrated notes

Levels and vault maps discovered:
D:1:      psy_arrival_wood_between_worlds, layout_loops_corners
D:2:      layout_basic, shapermc_ecumenical_altar_ellora, minmay_3d_cube
D:3:      layout_basic, grunt_gozag_breadcrumbs, ebering_ghost_sewer_f
D:4:      minmay_general_purpose_star, layout_rooms, nicolae_vehumet_radiance,
          fedhas_altar_decomposition, minmay_misc_feat_secret_circle,
          amcnicky_mini_rare_corridor_liquid
D:5:      layout_loops_cross, slow_altar_2, serial_shops,
          nicolae_lakefront_shop, st_stairs_9, hangedman_decor_growths,
          uniq_ijyb
D:6:      layout_layer_cave, trog_butcher_becter, minmay_temple_entry_tees,
          fountainhead, uniq_eustachio, uniq_pikel

Skill      XL: |  1  2  3  4  5  6 |
---------------+-------------------+-----
Stealth        | 1 2 |  2.6
Axes           | 3 |  3.8
Fighting       | 3 |  3.7
Dodging        | 5 |  5.5
Evocations     | 1 |  1.7
Spellcasting   | 1 |  1.5
Armour         | 1 |  1.8
Throwing       | 3 |  3.1
Ice Magic      | |  0.9

Action                   |  1- 3 |  4- 6 |  7- 9 || total
-------------------------+-------+-------+-------++-------
Melee: War axe           |   108 |   146 |    31 ||   285
       Punch             |     2 |     1 |       ||     3
Throw: Dart              |       |     2 |       ||     2
       Throwing net      |       |     3 |       ||     3
Evoke: Wand              |       |       |     2 ||     2
  Use: Scroll            |     3 |     8 |     1 ||    12
       Potion            |       |       |     1 ||     1
 Stab: Sleeping          |     3 |       |       ||     3
Armor: Leather armour    |    27 |    10 |       ||    37
       Ring mail         |       |    46 |     8 ||    54
Dodge: Dodged            |    91 |   120 |    28 ||   239
